 Dungeon Crawl Stone Soup version 0.25-a0-517-gf8b3a32422 (webtiles) character file.

Game seed: 6620231405456778045, levelgen mode: deterministic

805 Goblin1989 the Skirmisher (level 7, -1/44 HPs)
             Began as a Gargoyle Fighter on Feb 18, 2020.
             Was a Follower of Zin.
             Slain by an iguana (9 damage)
             ... on level 5 of the Dungeon.
             The game lasted 00:06:16 (4770 turns).

Goblin1989 the Skirmisher (Gargoyle Fighter)        Turns: 4770, Time: 00:06:17

Health: -1/44      AC: 12    Str: 21 (22) XL:     7   Next: 91%
Magic:  9/9        EV:  7    Int:  8      God:    Zin [*.....]
Gold:   166        SH:  9    Dex:  7 (9)  Spells: 6/6 levels left

rFire    . . .     SeeInvis .   a - +0 war axe
rCold    . . .     Gourm    .   c - +0 kite shield
rNeg     + . .     Faith    .   b - +0 scale mail
rPois    ∞         Spirit   .   (no helmet)
rElec    +         Reflect  .   (no cloak)
rCorr    .         Harm     .   (no gloves)
MR       .....                  (no boots)
Stlth    ..........             i - amulet of rage
HPRegen  0.14/turn              (no ring)
MPRegen  0.11/turn              (no ring)

@: no status effects
A: negative energy resistance 1, electricity resistance, unbreathing,
petrification resistance, rot immunity, AC +4
a: Recite, Donate Gold, Renounce Religion, Evoke Berserk Rage


You were on level 5 of the Dungeon.
You worshipped Zin.
Zin was aware of your devotion.
You were not hungry.

You visited 2 branches of the dungeon, and saw 6 of its levels.

You collected 184 gold pieces.
You donated 18 gold pieces to Zin.

Inventory:

Hand Weapons
 a - a +0 war axe (weapon)
Armour
 b - a +0 scale mail (worn)
 c - a +0 kite shield (worn)
 y - a cursed +0 helmet
Jewellery
 i - an amulet of rage (around neck)
 C - the ring of Asie {rPois rC+ MR+ Stlth-, unknown}
   (You found it on level 4 of the Dungeon)

   [ring of protection from magic]

   It protects you from cold.
   It protects you from poison.
   It affects your resistance to hostile enchantments.
   It makes you less stealthy.
Scrolls
 f - a scroll of teleportation {unknown}
 h - 2 scrolls of identify {unknown}
 l - 2 scrolls of amnesia {unknown}
 m - 2 scrolls of remove curse {unknown}
 o - a scroll of fog {unknown}
 x - 2 scrolls of blinking {unknown}
 A - a scroll of immolation {unknown}
 E - a scroll of enchant weapon {unknown}
 H - a scroll of magic mapping {unknown}
Potions
 d - a potion of might {@q4}
 p - a potion of flight {unknown}
 r - 2 potions of degeneration
 t - a potion of magic {unknown}
 u - a potion of ambrosia {unknown}
 v - a potion of resistance {unknown}
 z - a potion of lignification {unknown}
 B - a potion of cancellation {unknown}
 G - a potion of berserk rage {unknown}
Comestibles
 e - 5 rations


   Skills:
 + Level 5.1 Fighting
 * Level 4.9 Axes
 + Level 5.1 Armour
 + Level 5.0 Shields
 + Level 2.8 Invocations


You had 6 spell levels left.
You didn't know any spells.
Your spell library was empty.

Dungeon Overview and Level Annotations

Branches:
Dungeon (5/15)             Temple (1/1) D:4

Altars:
Ashenzari
Cheibriados
Dithmenos
Elyvilon
Fedhas
Gozag
Hepliaklqana
Kikubaaqudgha
Makhleb
Nemelex Xobeh
Okawaru
Qazlal
Ru
Sif Muna
Uskayaw
Vehumet
Wu Jian
Xom
Yredelemnul
Zin
The Shining One


Innate Abilities, Weirdness & Mutations

You are resistant to torment.
Your stone body is resilient. (AC +4)
You are immune to poison.
You resist negative energy. (rN+)
You are resistant to electric shocks. (rElec)
You can survive without breathing.
You are immune to petrification.
You are immune to rotting.


Message History

You take 2 damage, and have 41/44 hp.
You hit the iguana but do no damage.
The iguana is severely wounded.
You closely miss the jackal. You completely miss the jackal.
Your shield and scale mail prevent you from hitting the crimson imp.
You block the jackal's attack.
The crimson imp hits you but does no damage.
The jackal bites you but does no damage.
You block the jackal's attack. The iguana barely misses you.
The crimson imp hits you but does no damage.
You barely miss the iguana.
The iguana is severely wounded.
You completely miss the crimson imp. You closely miss the jackal.
You hit the jackal.
You kill the jackal!
The jackal bites you but does no damage.
The iguana completely misses you. You block the jackal's attack.
The crimson imp hits you but does no damage.
The orc hits you but does no damage. The iguana bites you!
You take 9 damage, and have 32/44 hp.
MASSIVE DAMAGE!!
You hit the iguana but do no damage.
The iguana is severely wounded.
You miss the crimson imp. You slash the jackal!
You kill the jackal!
You barely miss the orc. The crimson imp barely misses you.
The iguana bites you. The orc hits you but does no damage.
You take 4 damage, and have 28/44 hp.
You closely miss the iguana.
The iguana is severely wounded.
Your shield and scale mail prevent you from hitting the orc.
You hit the gnoll. You hit the crimson imp. You block the crimson imp's attack.
The gnoll hits you with a +0 club.
The iguana bites you but does no damage.
You block the orc's attack. The crimson imp barely misses you.
The gnoll hits you but does no damage.
You take 5 damage, and have 23/44 hp.
You are too injured to fight recklessly!
You are too injured to fight recklessly!
You are too injured to fight recklessly!
You are too injured to fight recklessly!
You are too injured to fight recklessly!
You are too injured to fight recklessly!
You are too injured to fight recklessly!
You are too injured to fight recklessly!
You are too injured to fight recklessly!
You are too injured to fight recklessly!
You are too injured to fight recklessly!
You are too injured to fight recklessly!
You are too injured to fight recklessly!
You are too injured to fight recklessly!
You are too injured to fight recklessly!
You are too injured to fight recklessly!
You are too injured to fight recklessly!
You are too injured to fight recklessly!
You are too injured to fight recklessly!
You are too injured to fight recklessly!
You are too injured to fight recklessly!
You are too injured to fight recklessly!
You are too injured to fight recklessly!
Unknown command.
You are too injured to fight recklessly!
Unknown command.
You are too injured to fight recklessly!
Unknown command.
You are too injured to fight recklessly!
Unknown command.
You block the crimson imp's attack.
There is a stone staircase leading up here.
You barely miss the iguana.
The iguana is severely wounded.
You barely miss the crimson imp.
The iguana bites you but does no damage.
You block the crimson imp's attack. You block the iguana's attack.
Your shield and scale mail prevent you from hitting the iguana.
The iguana is severely wounded.
You barely miss the crimson imp.
The crimson imp blinks!
The iguana bites you.
* * * LOW HITPOINT WARNING * * *
You take 6 damage, and have 18/44 hp.
You hit the iguana.
The iguana is severely wounded.
The iguana bites you.
* * * LOW HITPOINT WARNING * * *
The iguana closely misses you.
You take 3 damage, and have 15/44 hp.
You hit the iguana but do no damage.
The iguana is severely wounded.
The iguana bites you but does no damage.
Your shield and scale mail prevent you from hitting the iguana.
The iguana is severely wounded.
You closely miss the crimson imp.
The crimson imp hits you but does no damage.
The iguana bites you!
* * * LOW HITPOINT WARNING * * *
You take 6 damage, and have 9/44 hp.
You closely miss the iguana.
The iguana is severely wounded.
You barely miss the crimson imp. The crimson imp hits you.
* * * LOW HITPOINT WARNING * * *
The iguana bites you!
You die...

█.█.█.
...█. ?.█.
██... ....
█>.
███.g███
█...ol@█
█..██.█.5█
█.██....
█. █.....
█. ......
█. ......
█. .....
.. .....


You could see an iguana, a gnoll, a crimson imp and an orc.

Vanquished Creatures
  Sigmund (D:4)
  Edmund (D:4)
  Blork the orc (D:4)
  A hound (D:4)
  An orc priest (D:3)
  2 orc wizards
  Natasha (thrice) (D:2)
  An iguana (D:4)
  2 worker ants (D:4)
  Robin (D:3)
  7 adders
  2 oozes
  An adder skeleton (D:4)
  2 worms
  2 dart slugs (D:2)
  3 leopard geckos
  13 orcs
  2 ball pythons
  A giant cockroach (D:2)
  12 goblins
  8 hobgoblins
  6 jackals
  5 quokkas
  5 bats
  5 frilled lizards
  10 kobolds
  6 rats
104 creatures vanquished.

Notes
Turn   | Place    | Note
-------+----------+-------------------------------------------
     0 | D:1      | Goblin1989 the Gargoyle Fighter began the quest for the
                  | Orb.
     0 | D:1      | Reached XP level 1. HP: 14/14 MP: 1/1
   211 | D:1      | Reached XP level 2. HP: 19/19 MP: 2/2
  1094 | D:2      | Noticed Natasha
  1098 | D:2      | Reached XP level 3. HP: 20/23 MP: 3/3
  1106 | D:2      | Killed Natasha
  1176 | D:2      | Reached XP level 4. HP: 28/29 MP: 4/4
  1259 | D:2      | You fall into a shaft and drop 1 floor!
  1379 | D:2      | Noticed Natasha
  1381 | D:2      | Found a glowing golden altar of the Shining One.
  1389 | D:2      | Killed Natasha
  1487 | D:2      | Became a worshipper of the Shining One
  1678 | D:2      | Noticed Natasha
  1693 | D:2      | Killed Natasha
  1693 | D:2      | Reached XP level 5. HP: 23/33 MP: 5/5
  2466 | D:3      | Reached skill level 1 in Invocations
  2466 | D:3      | Reached XP level 6. HP: 39/39 MP: 6/6
  2596 | D:3      | Noticed Robin
  2613 | D:3      | Killed Robin
  2704 | D:3      | Reached * piety under the Shining One
  3382 | D:4      | Found a staircase to the Ecumenical Temple.
  3388 | Temple   | Entered the Ecumenical Temple
  3716 | Temple   | Fell from the grace of the Shining One
  3716 | Temple   | Became a worshipper of Zin the Law-Giver
  3716 | Temple   | Reached * piety under Zin
  3741 | D:4      | Noticed Edmund
  3765 | D:4      | Killed Edmund
  3765 | D:4      | Reached XP level 7. HP: 44/44 MP: 8/8
  3812 | D:4      | Got a heavily runed lapis lazuli ring
  3903 | D:4      | Noticed Sigmund
  3997 | D:4      | Zin protects you from harm!
  3999 | D:4      | Killed Sigmund
  3999 | D:4      | Reached skill level 5 in Fighting
  4322 | D:4      | Noticed Blork the orc
  4333 | D:4      | Killed Blork the orc
  4333 | D:4      | Reached skill level 5 in Armour
  4333 | D:4      | Reached skill level 5 in Shields
  4751 | D:5      | Entered Level 5 of the Dungeon
  4770 | D:5      | Slain by an iguana

Levels and vault maps discovered:
D:1:      dpeg_arrival_tiny_g, layout_loops_corners, bh_walls_and_bars
D:2:      layout_loops_ring, tso_metal_star, uniq_natasha
D:3:      layout_basic, minmay_puff, uniq_robin
D:4:      layout_cave_pods, minmay_temple_entry_drinking_statues, first_ration,
          uniq_blork_the_orc, uniq_edmund, uniq_sigmund
D:5:      lemuel_castle_with_subvaults [lemuel_castle_interior_carwin_2],
          layout_rooms, gammafunk_ghost_abyssal_escape
Temple:   roderic_octagonal_lattice_temple

Skill      XL: |  1  2  3  4  5  6  7 |
---------------+----------------------+-----
Axes           | 2 3 4 |  4.9
Fighting       | 4 5 |  5.1
Armour         | 4 5 |  5.1
Shields        | 4 5 |  5.0
Invocations    | 1 2 |  2.8

Action                   |  1- 3 |  4- 6 |  7- 9 || total
-------------------------+-------+-------+-------++-------
Melee: War axe           |    82 |   223 |    91 ||   396
Invok: Donate Gold       |       |       |     1 ||     1
  Use: Potion            |       |       |     4 ||     4
  Eat: Chunk             |     1 |     8 |     4 ||    13
Armor: Scale mail        |    45 |    99 |    58 ||   202
Dodge: Dodged            |    29 |    54 |    30 ||   113
Block: Kite shield       |    48 |   111 |    44 ||   203

Table legend:
 A = Non-vault XP
 B = Vault XP
 C = Vault XP percentage of total XP
 D = Non-vault monster count
 E = Vault monster count
 F = Vault count percentage of total count
                 A         B        C        D         E       F
            +---------+---------+-------+---------+---------+-------
      Total |     565 |     585 |  50.9 |      81 |      23 |  22.1
            +---------+---------+-------+---------+---------+-------
        D:1 |      25 |       0 |   0.0 |      12 |       0 |   0.0
        D:2 |     145 |      35 |  19.4 |      30 |       1 |   3.2
        D:3 |     156 |      50 |  24.3 |      24 |      17 |  41.5
        D:4 |     196 |     496 |  71.7 |      12 |       3 |  20.0
        D:5 |      43 |       4 |   8.5 |       3 |       2 |  40.0
            +---------+---------+-------+---------+---------+-------
